 Dungeon Crawl Stone Soup version 0.30.1-4-g462c640d31 (webtiles) character file.

Game seed: 2905155548459362011

538 leafyfresh the Changer (level 7, 0/43 HPs)
             Began as an Octopode Transmuter on Aug 13, 2023.
             Was an Initiate of Ashenzari.
             Slain by a sleepcap (9 damage)
             ... on level 5 of the Dungeon.
             The game lasted 00:09:06 (4934 turns).

leafyfresh the Changer (Octopode Transmuter)        Turns: 4934, Time: 00:09:06

Health: 0/43       AC:  2    Str: 10    XL:     7   Next: 26%
Magic:  5/10       EV:  5    Int: 15    God:    Ashenzari [......]
Gold:   304        SH:  0    Dex: 19    Spells: 6/10 levels left

rFire   . . .        e - melded +2 dagger (venom)
rCold   + . .        (shield currently unavailable)
rNeg    . . .        (helmet currently unavailable)
rPois   x            (no amulet)
rElec   .            n - ring of protection from cold
rCorr   .            t - ring of see invisible
SInv    +            (no ring)
Will    .....        (no ring)
Stlth   ++           (no ring)
HPRegen 0.27/turn    (no ring)
MPRegen 0.12/turn    (no ring)
                     (no ring)

%: no passive effects
@: spider-form, sleeping
A: venomous fangs, almost no armour, (amphibious), 8 rings, tiny, (camouflage
1), (gelatinous body 1), (nimble swimmer 1), (tentacles)
a: End Transformation, Renounce Religion, Curse Item


You were on level 5 of the Dungeon.
You worshipped Ashenzari.
Ashenzari was noncommittal.
You were a venomous arachnid creature.
You visited 1 branch of the dungeon, and saw 6 of its levels.

You collected 304 gold pieces.

Inventory:

Hand Weapons
 b - a +0 dagger
 e - a +2 dagger of venom (melded)
 r - a +2 quarterstaff of chaos
 y - a +2 dagger of speed
Armour
 s - a +2 cloak of poison resistance
Magical Staves
 x - a staff of earth
Jewellery
 n - a ring of protection from cold (left front pincers)
 t - a ring of see invisible (right front pincers)
Scrolls
 c - a scroll of acquirement {unknown}
 h - a scroll of blinking {unknown}
 i - a scroll of identify {unknown}
 k - a scroll of enchant weapon {unknown}
 m - a scroll of poison
 o - 2 scrolls of teleportation
 p - a scroll of torment {unknown}
 q - a scroll of noise {unknown}
 u - a scroll of magic mapping {unknown}
 w - a scroll of enchant armour {unknown}
Potions
 a - 2 potions of lignification
 d - 2 potions of haste {unknown}
 f - 3 potions of brilliance {unknown}
 g - 2 potions of curing
 j - 2 potions of degeneration {unknown}
 l - a potion of ambrosia {unknown}
 v - a potion of might {unknown}


   Skills:
 - Level 1.0 Fighting
 - Level 2.0 Dodging
 - Level 3.0 Unarmed Combat
 - Level 2.0 Spellcasting
 + Level 7.7 Transmutations


You had 6 spell levels left.
You knew the following spells:

 Your Spells              Type           Power      Damage    Failure   Level
a - Beastly Appendage     Tmut           48%        N/A       4%          1
b - Spider Form           Tmut/Pois      13%        N/A       32%         3

Your spell library contained the following spells:

 Spells                   Type           Power      Damage    Failure   Level
 Wereblood                Tmut           24%        N/A       6%          2
 Sting                    Tmut/Pois      52%        1d5       14%         1
 Poisonous Vapours        Pois/Air       2%         N/A       54%         2
 Ice Form                 Ice/Tmut       13%        N/A       63%         4
 Plasma Beam              Fire/Air       0%         2x1d11    100%        6


Dungeon Overview and Level Annotations

Branches:
Dungeon (6/15)             Temple (0/1) D:5

Altars:
Ashenzari
Hepliaklqana
Uskayaw
The Shining One

Shops:
D:1 =


Innate Abilities, Weirdness & Mutations

You are a venomous arachnid creature.
You have venomous fangs.
You are tiny and dextrous.
Your spellcasting is less reliable in this form.
Your armour is entirely melded.
You are incapable of wielding weapons or throwing items.
You cannot wear most types of armour.
((You are amphibious.))
You can wear up to eight rings at the same time.
((Your skin changes colour to match your surroundings (Stealth+).))
((Your rubbery body absorbs attacks. (AC +1, EV +1)))
((You are camouflaged when in or above water. (Stealth+)))
((You have tentacles for arms and can constrict up to eight enemies at once.))


Message History

The sleepcap closely misses you.
Unknown command.
You hit the sleepcap but do no damage.
The sleepcap looks even sicker.
The sleepcap is severely damaged.
The sleepcap barely misses you.
Unknown command.
You hit the sleepcap.
The sleepcap looks as sick as possible!
The sleepcap is almost destroyed.
You destroy the sleepcap!
Unknown command.
You hit the sleepcap but do no damage. The sleepcap releases spores at you.
Unknown command.
You hit the sleepcap.
The sleepcap is lightly damaged.
The sleepcap releases spores at you.
* * * LOW HITPOINT WARNING * * *
Unknown command.
You hit the sleepcap but do no damage.
The sleepcap is lightly damaged.
The sleepcap closely misses you.
Unknown command.
You hit the sleepcap but do no damage.
The sleepcap is poisoned.
The sleepcap is lightly damaged.
The sleepcap barely misses you.
Unknown command.
You hit the sleepcap.
The sleepcap looks as sick as possible!
The sleepcap is moderately damaged.
The sleepcap misses you.
Unknown command.
You hit the sleepcap but do no damage.
The sleepcap is moderately damaged.
Unknown command.
You hit the sleepcap but do no damage.
The sleepcap is moderately damaged.
The sleepcap releases spores at you.
* * * LOW HITPOINT WARNING * * *
You are engulfed in a cloud of soporific spores!
You fall asleep.
The sleepcap releases spores at you!
You die...

.###### # #.# #.# .# .# #.#
#.# #.# .# .# #.# #.# #.# .#
.# #.###.# #.####.# .# #.8##.#
#.#$...# ##
.##########.>##.###.#....##..#
>...........8##.....#.........
.........######.###.#.........
.........'......sf..'.........
.........############(...##..#
.........# #....### #
.........# ##....#.#
.........# #.......#####
.........# #..........).
.....<...# #......#####
########## #......#######
#.....# #####.........


You could see a sleepcap (extremely poisoned).

Vanquished Creatures
  An ogre (D:5)
  2 scorpions
  A hound (D:5)
  Crazy Yiuf (D:2)
  2 iguanas (D:5)
  A sleepcap (D:5)
  Natasha (thrice) (D:2)
  4 adders
  An ufetubus (D:4)
  2 dart slugs (D:1)
  8 orcs
  9 endoplasms
  A giant cockroach (D:4)
  12 goblins
  8 hobgoblins
  4 quokkas
  5 ball pythons
  3 bats
  2 frilled lizards
  7 kobolds
  6 rats
83 creatures vanquished.

Notes
Turn   | Place    | Note
-------+----------+-------------------------------------------
     0 | D:1      | leafyfresh the Octopode Transmuter began the quest for the
                  | Orb.
     0 | D:1      | Reached XP level 1. HP: 13/13 MP: 3/3
   185 | D:1      | Reached XP level 2. HP: 9/18 MP: 3/5
   339 | D:1      | Found Cemee's Jewellery Shop.
   407 | D:1      | Reached skill level 3 in Transmutations
   621 | D:1      | Reached XP level 3. HP: 19/23 MP: 6/6
   845 | D:1      | Learned a level 3 spell: Spider Form
   905 | D:2      | Found a faded altar of an unknown god.
   924 | D:2      | Reached skill level 4 in Transmutations
  1197 | D:2      | Reached XP level 4. HP: 26/28 MP: 7/7
  1230 | D:2      | Noticed Natasha
  1240 | D:2      | Killed Natasha
  1471 | D:2      | Noticed Natasha
  1476 | D:2      | Killed Natasha
  1501 | D:2      | Reached skill level 5 in Transmutations
  1587 | D:2      | Found a runed translucent door.
  1588 | D:2      | Noticed Crazy Yiuf
  1629 | D:2      | Noticed Natasha
  1642 | D:2      | Killed Natasha
  1643 | D:2      | Reached XP level 5. HP: 15/33 MP: 4/8
  2002 | D:2      | Killed Crazy Yiuf
  2149 | D:3      | Reached skill level 6 in Transmutations
  2149 | D:3      | Reached XP level 6. HP: 38/38 MP: 2/9
  2262 | D:3      | Got Guenyif's Atlas of the Calescent Spider
  2508 | D:3      | Found a hazy altar of Hepliaklqana.
  2802 | D:3      | You fall into a shaft and drop 2 floors!
  2802 | D:5      | Entered Level 5 of the Dungeon
  3156 | D:5      | Reached skill level 7 in Transmutations
  3165 | D:5      | Reached XP level 7. HP: 13/43 MP: 7/10
  3842 | D:4      | Found a broken altar of Ashenzari.
  3860 | D:4      | Became a worshipper of Ashenzari the Shackled
  4083 | D:3      | Found a hide-covered altar of Uskayaw.
  4425 | D:4      | Found a glowing golden altar of the Shining One.
  4883 | D:5      | Found a staircase to the Ecumenical Temple.
  4934 | D:5      | Slain by a sleepcap

Illustrated notes

Levels and vault maps discovered:
D:1:      dpeg_arrival_ternary, layout_loops_ring, serial_shops,
          nicolae_shop_pleasant_corner_grove, feat_on_display
D:2:      layout_basic, basic_ecumenical_altar, uniq_crazy_yiuf_cottage,
          uniq_natasha
D:3:      layout_loops_corners, mainiacjoe_overflow_tiny_flanked,
          worldfamousw_hep_ancestral_shrine, guppyfry_early_orc_mine
D:4:      layout_loops_cross, mainiacjoe_overflow_alcove_1,
          nicolae_tso_swordbearing_angel, portal_sewer_entry_a
D:5:      layout_basic, temple_statues, hellmonk_no_cap
D:6:      layout_basic, mainiacjoe_overflow_six_doors_small,
          lemuel_coloured_pillars_altar, minmay_starry_boxes, uniq_pikel

Skill      XL: |  1  2  3  4  5  6 |
---------------+-------------------+-----
Transmutations | 3 4 5 6 7 |  7.7
Fighting       | |  1.0
Dodging        | |  2.0
Unarmed Combat | |  3.0
Spellcasting   | |  2.0

Action                     |  1- 3 |  4- 6 |  7- 9 || total
---------------------------+-------+-------+-------++-------
  Melee: Unarmed           |    21 |    48 |    38 ||   107
         Constrict         |    16 |     5 |     5 ||    26
         Tentacles         |    11 |     3 |     5 ||    19
         Kick              |     1 |       |     1 ||     2
         Dagger            |    30 |    29 |    28 ||    87
         Punch             |     1 |       |       ||     1
   Cast: Beastly Appendage |     4 |       |     1 ||     5
         Spider Form       |     1 |     7 |     7 ||    15
    Use: Potion            |       |     2 |       ||     2
         Scroll            |       |       |     2 ||     2
   Stab: Sleeping          |     7 |     4 |     4 ||    15
 Armour: Skin              |     1 |     4 |     3 ||     8
  Dodge: Dodged            |    30 |    44 |    44 ||   118
